 Dungeon Crawl Stone Soup version 0.28.0-53-g5a82cb258f (webtiles) character file.

Game seed: 3459457953663078700

8900 MisterFreud the Nimble (level 11, -7/81 HPs)
             Began as an Octopode Conjurer on June 29, 2022.
             Was a Believer of Vehumet.
             Mangled by a boulder beetle (28 damage)
             ... on level 11 of the Dungeon.
             The game lasted 00:21:05 (14052 turns).

MisterFreud the Nimble (Octopode Conjurer)         Turns: 14052, Time: 00:21:06

Health: -7/81      AC:  1    Str: 10    XL:     11   Next: 38%
Magic:  14/17      EV: 19    Int: 31    God:    Vehumet [**....]
Gold:   546        SH:  0    Dex: 17    Spells: 11/18 levels left

rFire   . . .      SeeInvis +   u - +8 whip of Wariness {vorpal, *Corrode rC+ Will+}
rCold   + + .      Faith    .   (no shield)
rNeg    . . .      Spirit   .   (helmet restricted)
rPois   .          Reflect  .   G - amulet of magic regeneration
rElec   .          Harm     .   p - ring of see invisible
rCorr   .          Rampage  .   e - ring of the Everdark {*Corrode rC+ AC+4 Str+4 SInv}
Will    +....                   r - +6 ring of intelligence
Stlth   ++++......              (no ring)
HPRegen 0.23/turn               y - +6 ring of dexterity
MPRegen 0.55/turn               (no ring)
                                (no ring)
                                (no ring)

@: about to teleport, corroded
A: almost no armour, amphibious, 8 rings, camouflage 1, gelatinous body 1,
(nimble swimmer 1), tentacles
a: Renounce Religion


You were on level 11 of the Dungeon.
You worshipped Vehumet.
Vehumet was pleased with you.
You visited 2 branches of the dungeon, and saw 12 of its levels.

You collected 788 gold pieces.
You spent 242 gold pieces at shops.

Inventory:

Hand Weapons
 g - a +3 hand axe of flaming
 h - a +0 hand axe of protection
 u - the +8 whip of Wariness (weapon) {vorpal, *Corrode rC+ Will+}
   (You found it on level 5 of the Dungeon)

   It inflicts extra damage upon your enemies.
   rC:        It protects you from cold.
   *Corrode:  It may corrode you when you take damage.
   Will:      It increases your willpower.
Missiles
 a - 19 poisoned darts
 j - 6 boomerangs
 q - 5 silver javelins
 D - a curare-tipped dart
 E - 2 throwing nets
Jewellery
 e - the ring of the Everdark (right tentacle) {*Corrode rC+ AC+4 Str+4 SInv}
   (You acquired it on level 3 of the Dungeon)

   [ring of protection]

   AC:        It affects your AC (+4).
   Str:       It affects your strength (+4).
   rC:        It protects you from cold.
   SInv:      It lets you see invisible.
   *Corrode:  It may corrode you when you take damage.
 p - a ring of see invisible (left tentacle)
 r - a +6 ring of intelligence (on tentacle)
 v - a ring of fire
 y - a +6 ring of dexterity (on tentacle)
 G - an amulet of magic regeneration (around mantle)
 I - a ring of ice
 J - a +6 ring of strength
 M - a ring of willpower
Wands
 l - a wand of paralysis (4)
 t - a wand of flame (18)
 w - a wand of mindburst (13)
 B - a wand of charming (11)
 C - a wand of acid (17)
 K - a wand of polymorph (5)
Scrolls
 x - 3 scrolls of fog
 F - 2 scrolls of identify
 H - 2 scrolls of teleportation
 L - a scroll of enchant armour
Potions
 b - 6 potions of lignification
 c - 3 potions of resistance
 d - 7 potions of curing
 f - a potion of flight
 i - 4 potions of might
 k - a potion of magic
 m - a potion of ambrosia
 n - 3 potions of heal wounds
 o - 4 potions of haste
 s - a potion of mutation
 z - 2 potions of invisibility
 A - 6 potions of attraction


   Skills:
 - Level 10.0 Fighting
 - Level 10.0 Dodging
 - Level 5.0 Stealth
 - Level 4.0 Spellcasting
 + Level 9.4 Conjurations
 - Level 4.0 Fire Magic


You had 11 spell levels left.
You knew the following spells:

 Your Spells              Type           Power      Damage    Failure   Level
a - Magic Dart            Conj           100%       1d8       1%          1
b - Searing Ray           Conj           100%       2d8       1%          2
c - Flame Wave            Conj/Fire      47%        2d10      3%          4

Your spell library contained the following spells:

 Spells                   Type           Power      Damage    Failure   Level
 Scorch                   Fire           62%        2d8       1%          2
 Foxfire                  Conj/Fire      100%       2x1d9     1%          1
 Shock                    Conj/Air       100%       1d9       1%          1
 Conjure Flame            Conj/Fire      47%        6-21      1%          3
 Dazzling Flash           Conj/Hex       70%        N/A       2%          3
 Slow                     Hex            24%        N/A       6%          1
 Summon Small Mammal      Summ           24%        N/A       6%          1
 Inner Flame              Hex/Fire       18%        N/A       8%          3
 Ensorcelled Hibernation  Hex/Ice        12%        N/A       9%          2
 Fulminant Prism          Conj/Hex       17%        3d11      9%          4
 Iskenderun's Mystic Bla  Conj/Tloc      35%        2d8       9%          4
 Call Canine Familiar     Summ           6%         N/A       19%         3
 Confusing Touch          Hex            6%         N/A       19%         3
 Spider Form              Tmut/Pois      6%         N/A       19%         3
 Summon Guardian Golem    Hex/Summ       6%         N/A       19%         3
 Swiftness                Air            6%         N/A       19%         3
 Vampiric Draining        Necr           6%         2d6       19%         3
 Airstrike                Air            3%         N/A       52%         4
 Anguish                  Hex/Necr       3%         N/A       52%         4
 Summon Mana Viper        Hex/Summ       6%         N/A       86%         5
 Monstrous Menagerie      Summ           3%         N/A       100%        7


Dungeon Overview and Level Annotations

Branches:
Dungeon (11/15)            Temple (1/1) D:7            Lair (0/6) D:11
    Orc (0/2) D:10

Altars:
Ashenzari
Cheibriados
Dithmenos
Elyvilon
Fedhas
Gozag
Hepliaklqana
Kikubaaqudgha
Makhleb
Nemelex Xobeh
Okawaru
Qazlal
Ru
Sif Muna
Trog
Uskayaw
Vehumet
Wu Jian
Xom
Yredelemnul
Zin
The Shining One

Shops:
D:6 !   D:8 (


Innate Abilities, Weirdness & Mutations

You cannot wear most types of armour.
You are amphibious.
You can wear up to eight rings at the same time.
Your skin changes colour to match your surroundings (Stealth+).
Your rubbery body absorbs attacks. (AC +1, EV +1)
((You are camouflaged when in or above water. (Stealth+)))
You have tentacles for arms and can constrict up to eight enemies at once.


Message History

The boulder beetle is lightly wounded.
The boulder beetle completely misses you.
The cyclops shouts!
You hit the boulder beetle but do no damage.
The boulder beetle is lightly wounded.
You hear a shout!
The boulder beetle bites you!!
Your corrosive artefact corrodes you!
Casting: Searing Ray (safe; 1% risk of failure)
Confirm with . or Enter, or press ? or * to list all spells.
Aiming: Searing Ray (safe; 1% risk of failure)
Press: ? - help, Shift-Dir - straight line, f/p - boulder beetle
Aim: a boulder beetle (lightly wounded, 100% to hit)
The searing ray hits the boulder beetle but does no damage.
The boulder beetle is lightly wounded.
The searing ray hits the hound!
The hound is almost dead. (Press . to maintain the ray.)
The boulder beetle completely misses you.
Unknown command.
The searing ray hits the boulder beetle but does no damage.
The boulder beetle is lightly wounded.
The searing ray misses the hound.
The boulder beetle bites you!
The searing ray hits the boulder beetle but does no damage.
The boulder beetle is lightly wounded.
The searing ray misses the hound.
The searing ray hits the cyclops.
The cyclops is lightly wounded.
The boulder beetle misses you.
The searing ray hits the boulder beetle but does no damage.
The boulder beetle is lightly wounded.
The searing ray hits the hound!
You kill the hound!
Vehumet accepts your kill.
The searing ray hits the cyclops!
The cyclops is moderately wounded.
You finish channelling your searing ray.
The boulder beetle bites you.
* * * LOW HITPOINT WARNING * * *
As you read the scroll of teleportation, it crumbles to dust.
You feel strangely unstable. The boulder beetle bites you!!
You die...

.#####.#.#####.#.#
.#####.#....##.#.# #.
..........#.##.#.# ..
.#####.##.#.##.#.#
.#####. .#
#....#.)....###.......
##
#.#######...##........
#
#....#.....###........
#
####.#.##.####......≈.
# #.#.##..@BC.≈....≈≈
# #...#######.≈≈≈≈≈.≈
. ##### #...≈≈≈≈≈ #
....≈≈≈≈≈ ..≈≈≈≈.≈.
#...≈≈≈... ....≈≈.≈.>
..≈.≈†≈...


You could see a boulder beetle and a cyclops.

Vanquished Creatures
  Fannar (D:10)
  Pikel (D:8)
  Maurice (D:9)
  Maggie (D:8)
  Psyche (D:9)
  A troll (D:10)
  A wyvern (D:9)
  A water elemental (D:11)
  11 yaks
  A wraith (D:11)
  Menkaure (D:7)
  3 vampire mosquitoes (D:11)
  A steam dragon (D:9)
  An acid dragon (D:8)
  A water moccasin (D:8)
  3 orc warriors
  A necrophage (D:6)
  2 ice beasts
  A black bear (D:6)
  4 sky beasts
  A wolf (D:11)
  6 centaurs
  2 ogres (D:5)
  A phantom (D:4)
  2 lemures (D:8)
  4 kobold brigands
  A bullfrog (D:7)
  A wyvern zombie (D:7)
  A gnoll sergeant (D:8)
  2 scorpions (D:6)
  A water moccasin skeleton (D:5)
  7 killer bees
  An electric eel (D:11)
  A centaur zombie (D:8)
  A bullfrog skeleton (D:6)
  2 bullfrog zombies
  A jelly (D:8)
  A centaur skeleton (D:5)
  3 orc priests
  5 hounds
  An iron imp (D:9)
  2 iguanas
  10 orc wizards
  Terence (D:3)
  2 hound skeletons
  3 howler monkey zombies
  8 gnolls
  5 adders
  3 shadow imps
  A white imp (D:8)
  2 ufetubi
  An adder skeleton (D:4)
  5 worms
  3 dart slugs
  32 orcs
  7 ball pythons
  9 bats
  5 endoplasms
  5 giant cockroaches
  6 goblins
  3 hobgoblins
  13 kobolds
  3 quokkas
  2 frilled lizards (D:2)
  6 rats
  A spectral orc (D:3)
221 creatures vanquished.

Vanquished Creatures (others)
  5 toadstools (D:10)
5 creatures vanquished.

Grand Total: 226 creatures vanquished

Notes
Turn   | Place    | Note
-------+----------+-------------------------------------------
     0 | D:1      | MisterFreud the Octopode Conjurer began the quest for the
                  | Orb.
     0 | D:1      | Reached XP level 1. HP: 11/11 MP: 3/3
   291 | D:1      | Reached XP level 2. HP: 17/17 MP: 1/5
   439 | D:1      | Learned a level 2 spell: Searing Ray
  1124 | D:2      | Reached skill level 5 in Conjurations
  1124 | D:2      | Reached XP level 3. HP: 16/21 MP: 3/6
  1199 | D:2      | Found a shadowy altar of Dithmenos.
  1848 | D:2      | Reached XP level 4. HP: 27/27 MP: 3/7
  2990 | D:3      | Reached XP level 5. HP: 31/31 MP: 6/8
  3156 | D:3      | Got the Incunabulum of Creation and the Oath
  3222 | D:3      | Noticed Terence
  3231 | D:3      | Killed Terence
  3830 | D:3      | Identified a scroll of acquirement
  3830 | D:3      | Acquired the ring of the Everdark {*Corrode rC+ AC+4 Str+4
                  | SInv}
  3838 | D:3      | Reached XP level 6. HP: 25/36 MP: 3/9
  4102 | D:3      | Found a basalt altar of Yredelemnul.
  4381 | D:3      | Found a bloodstained altar of Trog.
  4469 | D:3      | Found a faded altar of an unknown god.
  4489 | D:4      | Found a white marble altar of Elyvilon.
  4896 | D:4      | Reached skill level 5 in Dodging
  5433 | D:5      | Entered Level 5 of the Dungeon
  5456 | D:5      | Reached skill level 5 in Stealth
  5456 | D:5      | Reached XP level 7. HP: 35/41 MP: 3/10
  5809 | D:5      | Identified the +2 quarterstaff "Yruvon" {vorpal, rPois rC+
                  | Will-}
  5810 | D:5      | Identified the +8 whip of Wariness {vorpal, *Corrode rC+
                  | Will+}
  5891 | D:5      | Found a glowing golden altar of the Shining One.
  5895 | D:5      | Found a blossoming altar of Fedhas.
  6227 | D:5      | Reached XP level 8. HP: 46/46 MP: 10/13
  6669 | D:4      | Learned a level 4 spell: Flame Wave
  6685 | D:5      | Reached skill level 1 in Fire Magic
  7797 | D:6      | Reached skill level 1 in Fighting
  7942 | D:6      | Found an ornate altar of the Wu Jian Council.
  8023 | D:6      | Reached XP level 9. HP: 54/54 MP: 15/15
  8139 | D:6      | Found Gulanaal's Distillery.
  8144 | D:6      | Bought a potion of heal wounds for 55 gold pieces
  8144 | D:6      | Bought 2 potions of invisibility for 176 gold pieces
  8144 | D:6      | Bought a potion of degeneration for 11 gold pieces
  8247 | D:6      | Found a hide-covered altar of Uskayaw.
  8348 | D:7      | Found a staircase to the Ecumenical Temple.
  8390 | D:7      | Noticed Menkaure
  8393 | D:7      | Killed Menkaure
  8455 | D:7      | Found an opulent altar of Gozag.
  8596 | Temple   | Entered the Ecumenical Temple
  8603 | Temple   | Became a worshipper of Vehumet
  8676 | D:7      | Reached skill level 5 in Fighting
  9575 | D:8      | Noticed Pikel
  9618 | D:8      | Killed Pikel
  9619 | D:8      | Reached XP level 10. HP: 50/66 MP: 10/16
  9910 | D:8      | Reached skill level 10 in Dodging
 10238 | D:8      | Found a shimmering altar of Xom.
 10246 | D:8      | Found Jucwug's Antique Weapon Shop.
 10538 | D:8      | Noticed Maggie
 10554 | D:8      | Killed Maggie
 10724 | D:8      | Reached * piety under Vehumet
 10724 | D:8      | Offered knowledge of Freeze by Vehumet.
 11666 | D:9      | Noticed Psyche
 11683 | D:9      | Killed Psyche
 11685 | D:9      | Noticed Maurice
 11697 | D:9      | Killed Maurice
 11890 | D:9      | Found a snail-covered altar of Cheibriados.
 12111 | D:10     | Entered Level 10 of the Dungeon
 12193 | D:10     | Noticed Fannar
 12214 | D:10     | Killed Fannar
 12215 | D:10     | Reached XP level 11. HP: 45/81 MP: 13/17
 12377 | D:10     | Found a staircase to the Orcish Mines.
 12500 | D:10     | Reached skill level 10 in Fighting
 12573 | D:10     | Identified the +4 flail of Vengeance {venom, Fly}
 13999 | D:11     | Offered knowledge of Scorch by Vehumet.
 14002 | D:11     | Reached ** piety under Vehumet
 14015 | D:11     | Noticed a cyclops
 14032 | D:11     | Found a staircase to the Lair.
 14038 | D:11     | Noticed a boulder beetle
 14052 | D:11     | Mangled by a boulder beetle

Illustrated notes

Levels and vault maps discovered:
D:1:      dpeg_arrival_refuge, layout_basic
D:2:      layout_basic, basic_altar, minmay_tromino_v4_a
D:3:      layout_loops_corners, lemuel_coloured_pillars_altar,
          yredelemnul_forgotten_temple_becter, portal_sewer_entry_d,
          ebering_ecumenical_altar_webs, due_unseen_surprise, uniq_terence
D:4:      layout_gridville, elyvilon_altar_4, corexii_hall_statues_u,
          minmay_misc_feat_tower, chequers_serial_rivers_small_3
D:5:      layout_cave_pools, mainiacjoe_overflow_big_doors,
          hangedman_decor_clover_reticule, minmay_fractal_squares_diagonal_5
D:6:      layout_loops_ring, nzn_wu_jian_contemplation,
          mainiacjoe_overflow_alcove_2, serial_shops, nicolae_shop_hallway_plus
D:7:      layout_basic, mainiacjoe_overflow_catwalk,
          minmay_temple_entry_statues_fountains, uniq_menkaure
D:8:      layout_basic, xom_confusion_cloud, nicolae_inconvenience_store,
          uniq_maggie, uniq_pikel
D:9:      layout_loops_ring, slow_altar_1, minivault_25, uniq_psyche,
          uniq_maurice
D:10:     layout_stronghold, orc_0_dummy, serial_park_tiny_2,
          minmay_gold_behind_fungi, uniq_fannar
D:11:     layout_loops_ring, erik_lair_island, grunt_ministairs_5, uniq_urug
Temple:   nicolae_temple_no_exploring_needed

Skill      XL: |  1  2  3  4  5  6  7  8  9 10 11 |
---------------+----------------------------------+-----
Conjurations   | 5 6 7 8 9 |  9.4
Dodging        | 4 5 9 10 | 10.0
Stealth        | 5 |  5.0
Spellcasting   | 3 4 |  4.0
Fire Magic     | 4 |  4.0
Fighting       | 2 5 9 10 | 10.0

Action                   |  1- 3 |  4- 6 |  7- 9 | 10-12 || total
-------------------------+-------+-------+-------+-------++-------
Melee: Unarmed           |    12 |    40 |    14 |       ||    66
       Constrict         |     4 |    11 |    20 |    21 ||    56
       Tentacles         |     2 |    13 |    22 |    42 ||    79
       Punch             |       |     2 |       |     3 ||     5
       Whip              |       |       |    79 |   134 ||   213
 Cast: Magic Dart        |    66 |   134 |    89 |    25 ||   314
       Searing Ray       |     1 |     1 |    19 |    31 ||    52
       Flame Wave        |       |       |     2 |       ||     2
Evoke: Wand              |       |       |       |     1 ||     1
  Use: Scroll            |     3 |     5 |    13 |     5 ||    26
       Potion            |       |       |       |     1 ||     1
 Stab: Sleeping          |       |       |     4 |     4 ||     8
Armor: Skin              |       |    14 |    22 |    21 ||    57
Dodge: Dodged            |     8 |    39 |    89 |   245 ||   381
